 Dungeon Sprint DCSS version 0.20-a0-833-gc632bec (webtiles) character file.

7500000 esc the Conqueror (level 27, -6/323 HPs)
             Began as a Demonspawn Warper on Mar 7, 2017.
             Was the Champion of Makhleb.
             Killed by divine providence
             ... invoked by an accursed
              (7 damage)
             ... in the Dungeon (Sprint VIII: "Arena of Blood").
             The game lasted 00:02:31 (75 turns).

esc the Conqueror (Demonspawn Warper)                 Turns: 75, Time: 00:02:32

Health: -6/323     AC:  6    Str: 14    XL:     27
Magic:  37/54      EV: 36    Int: 15    God:    Makhleb [******]
Gold:   0          SH:  0    Dex: 23    Spells: 80/80 levels left

rFire    . . .     SeeInvis +   l - +∞ Axe of Woe
rCold    + . .     Gourm    .   b - +0 leather armour
rNeg     . . .     Faith    .   (shield currently unavailable)
rPois    .         Spirit   .   (no helmet)
rElec    .         Reflect  .   (no cloak)
rCorr    .         Harm     .   (no gloves)
MR       ++...     NoTele   +   (boots unavailable)
Stlth    +++++++++.             (no amulet)
Regen    0.7/turn               (no ring)
MPRegen  0.4/turn               m - ring of see invisible {sInv, !d}

@: no status effects
A: hooves 3, cold resistance 1, icemail, robust 3, spiny 3, freezing cloud
immunity, sturdy frame 3
a: Minor Destruction, Lesser Servant of Makhleb, Major Destruction, Greater
Servant of Makhleb, Renounce Religion


You were in the Dungeon.
You worshipped Makhleb.
Makhleb was exalted by your worship.
You were not hungry.

You visited 1 branch

Inventory:

Hand Weapons
 a - a +0 hand axe
 l - the +∞ Axe of Woe (weapon)
   (You found it in the Dungeon)
Missiles
 e - 5 tomahawks of dispersal {=f}
Armour
 b - a +0 leather armour (worn)
Jewellery
 m - a ring of see invisible (left hand) {sInv, !d}
   (You found it in the Dungeon)
Scrolls
 d - 2 scrolls of blinking {!r}
Potions
 g - a potion of curing
 h - a potion of heal wounds
 i - a potion of haste
 j - 2 potions of magic
 k - a potion of berserk rage {!q}
Books
 c - a book of Spatial Translocations
Comestibles
 f - a bread ration {@e1}


   Skills:
 O Level 27 Fighting
 O Level 27 Axes
 O Level 27 Throwing
 O Level 27 Armour
 O Level 27 Dodging
 O Level 27 Stealth
 O Level 27 Unarmed Combat
 O Level 27 Spellcasting
   Level 2.6 Translocations
 O Level 27 Invocations


You had 80 spell levels left.
You didn't know any spells.

Dungeon Overview and Level Annotations

Branches:
Dungeon (1/1)

Altars:
Makhleb


Innate Abilities, Weirdness & Mutations

You have hooves in place of feet.
Your flesh is cold resistant. (rC+)
A meltable icy envelope protects you from harm. (AC +0)
You are extremely robust. (+30% HP)
You are completely covered in sharp spines.
You are immune to freezing clouds.
Your movements are significantly less encumbered by armour. (ER -6)


Message History

You hear a shout!
A small abomination, 2 crawling corpses and a vampire knight come into view.
The destroyer is wielding a +9 great sword of slicing.
Items here: )))) ==== You take 43 damage, and have 280/323 hp.
Unknown command.
The destroyer shouts!
You slash the bag of meat!
You hew the bag of meat savagely.
You kill the bag of meat!
Makhleb accepts your kill.
You feel better.
You slash the large bag of meat!
You fatally mangle the large bag of meat.
The large bag of meat explodes!
The fiery explosion engulfs the bag of meat.
The fiery explosion engulfs the crawling corpse.
The crawling corpse is destroyed!
The fiery explosion engulfs you!
The fiery explosion engulfs the soul eater.
Makhleb accepts your kill.
You feel better.
You slash the bag of meat!
You pulverise the bag of meat into a thin bloody mist.
You kill the bag of meat!
Makhleb accepts your kill.
You slice the bag of meat!! You chop the bag of meat into pieces.
You kill the bag of meat!
Makhleb accepts your kill.
You slice the bag of meat!!
You dissect the bag of meat like a pig carcass.
You kill the bag of meat!
Makhleb accepts your kill.
You slash the bag of meat!
You fatally mangle the bag of meat.
You kill the bag of meat!
Makhleb accepts your kill.
You are engulfed in blazing flames.
You hear a shout! x7
The tyrant gestures wildly while chanting.
You hear a shout! x2
The soul eater is engulfed in blazing flames.
You hear a shout! x5
The bag of meat is engulfed in blazing flames.
The destroyer blinks!
A bag of meat comes into view. It is wielding a +9 war axe.
You regained 27 hp, and now have 307/323 hp.
Unknown command.
Unknown command.
Unknown command.
The bag of meat shouts!
You hit the soul eater.
You dissect the soul eater like a pig carcass.
You kill the soul eater!
You slash the bag of meat!
You pulverise the bag of meat into a thin bloody mist.
You kill the bag of meat!
Makhleb accepts your kill.
You feel better.
You hit the bag of meat.
You fatally mangle the bag of meat.
You kill the bag of meat!
Makhleb accepts your kill.
You hit the bag of meat.
You pulverise the bag of meat into a thin bloody mist.
You kill the bag of meat!
Makhleb accepts your kill.
You slash the bag of meat!
You slaughter the bag of meat joyfully.
You kill the bag of meat!
Makhleb accepts your kill.
You are engulfed in blazing flames.
You hear a shout! x5
The tyrant waves its bony arms in wide circles.
The air twists around and strikes you!
You hear a shout!
The accursed gestures at you while chanting.
Something smites you!
You hear a shout!
A crawling corpse merges with a small abomination to form a large abomination.
A destroyer comes into view.
It is wielding a +9 great sword of slicing.
You take 61 damage, and have 246/323 hp.
Unknown command.
Unknown command.
Unknown command. 2 ogres and a vampire knight come into view.
The destroyer is wielding a +9 great sword of slicing.
You are engulfed in blazing flames.
You hear a shout! x2
The corpses begin to drag themselves along the ground!
You hear a shout! x2
The destroyer is engulfed in blazing flames.
The destroyer hits you with a +9 great sword of slicing!!!!!
Ouch! That really hurt!
* * * LOW HITPOINT WARNING * * *
x2 The destroyer shouts!
The destroyer bites you.
* * * LOW HITPOINT WARNING * * *
The destroyer draws strength from your injuries!
The meat berserker is engulfed in blazing flames.
The accursed points at you and mumbles some strange words.
Something smites you!
* * * LOW HITPOINT WARNING * * *
You hear a shout!
The accursed casts a spell at you. Something smites you!
You die...

####......).).§)§.
####.......§).##.##o#
####..........).)z......
#.........####.....##§##
.........#o..V........)o
......))§§#.o%).....§#)#
......o§)§#zo....V...)))
§....###O)o#M.........))
...# #.@xoX.#...VO....))
..#...§§VXo.M........%))
......#x..XXXX.%.%....).
....%..#..XL..%%#%..)...
..........#Xo...#%%)....
.......#.%.XX.###..)....
%.#........VO......###..
..##... ...#Ooo....._...
..V...#.....#


You could see 2 accurseds, 3 tentacled monstrosities, a tyrant, 2 destroyers, a
sculptor of flesh, 7 large abominations, 3 meat berserkers, 9 bags of meat and 2
crawling corpses.

Vanquished Creatures
  3 greater mummies (D)
  Harold (D)
  14 vampire knights (D)
  25 ogres (D)
  6 two-headed ogres (D)
  A lich (D)
  65 orcs (D)
  A skeletal warrior (D)
116 creatures vanquished.

Vanquished Creatures (others)
  A crawling corpse (D)
1 creature vanquished.

Grand Total: 117 creatures vanquished

Notes
Turn   | Place    | Note
-------+----------+-------------------------------------------
     0 | D        | esc the Demonspawn Warper began the quest for the Orb.
     0 | D        | Reached XP level 1. HP: 16/16 MP: 3/3
     3 | D        | Noticed a meat berserker
     4 | D        | Became a worshipper of Makhleb the Destroyer
     6 | D        | Noticed a bag of meat
     7 | D        | Noticed a meat berserker
     7 | D        | Noticed a bag of meat
     8 | D        | Noticed a bag of meat
     8 | D        | Noticed a bag of meat
     8 | D        | Noticed a bag of meat
     9 | D        | Noticed a bag of meat
     9 | D        | Noticed a meat berserker
     9 | D        | Killed a bag of meat
     9 | D        | Reached skill level 14 in Fighting
     9 | D        | Reached skill level 13 in Axes
     9 | D        | Reached skill level 13 in Armour
     9 | D        | Reached skill level 13 in Dodging
     9 | D        | Gained mutation: You are partially covered in sharp spines. [demonic ancestry]
     9 | D        | Reached XP level 2. HP: 43/43 MP: 5/5
     9 | D        | Gained mutation: Your flesh is cold resistant. (rC+) [demonic ancestry]
     9 | D        | Reached XP level 3. HP: 49/49 MP: 6/6
     9 | D        | Gained mutation: You are mostly covered in sharp spines. [demonic ancestry]
     9 | D        | Reached XP level 4. HP: 56/56 MP: 7/7
     9 | D        | Gained mutation: You have large cloven feet. [demonic ancestry]
     9 | D        | Reached XP level 5. HP: 62/62 MP: 8/8
     9 | D        | Reached XP level 6. HP: 69/69 MP: 9/9
     9 | D        | Gained mutation: Your movements are slightly less encumbered by armour. (ER -2) [demonic ancestry]
     9 | D        | Reached XP level 7. HP: 75/75 MP: 10/10
     9 | D        | Reached XP level 8. HP: 82/82 MP: 11/11
     9 | D        | Reached XP level 9. HP: 88/88 MP: 12/12
     9 | D        | Gained mutation: Your movements are less encumbered by armour. (ER -4) [demonic ancestry]
     9 | D        | Reached XP level 10. HP: 95/95 MP: 13/13
     9 | D        | Reached XP level 11. HP: 101/101 MP: 14/14
    10 | D        | Noticed a large bag of meat
    10 | D        | Noticed a bag of meat
    10 | D        | Noticed a bag of meat
    10 | D        | Noticed a bag of meat
    10 | D        | Noticed a meat berserker
    10 | D        | Killed a meat berserker
    10 | D        | Reached * piety under Makhleb
    10 | D        | Reached skill level 18 in Fighting
    10 | D        | Reached skill level 16 in Axes
    10 | D        | Reached skill level 16 in Armour
    10 | D        | Reached skill level 16 in Dodging
    10 | D        | Gained mutation: You have hoof-like feet. [demonic ancestry]
    10 | D        | Reached XP level 12. HP: 116/116 MP: 15/15
    10 | D        | Gained mutation: Your movements are significantly less encumbered by armour. (ER -6) [demonic ancestry]
    10 | D        | Reached XP level 13. HP: 122/122 MP: 16/16
    10 | D        | Killed a meat berserker
    10 | D        | Reached skill level 20 in Fighting
    10 | D        | Reached skill level 19 in Axes
    10 | D        | Reached skill level 18 in Armour
    10 | D        | Reached skill level 19 in Dodging
    10 | D        | Gained mutation: You are immune to freezing clouds. [demonic ancestry]
    10 | D        | Reached XP level 14. HP: 136/136 MP: 17/17
    11 | D        | Noticed a bag of meat
    11 | D        | Noticed a bag of meat
    11 | D        | Noticed a bag of meat
    11 | D        | Noticed a bag of meat
    12 | D        | Noticed a bag of meat
    12 | D        | Noticed a meat berserker
    13 | D        | Noticed a bag of meat
    13 | D        | Noticed a meat berserker
    13 | D        | Noticed a bag of meat
    13 | D        | Noticed a bag of meat
    13 | D        | Noticed a bag of meat
    14 | D        | Noticed a bag of meat
    14 | D        | Noticed a large bag of meat
    14 | D        | Noticed a bag of meat
    14 | D        | Noticed a bag of meat
    14 | D        | Noticed a meat berserker
    14 | D        | Killed a bag of meat
    14 | D        | Reached skill level 21 in Fighting
    14 | D        | Reached skill level 19 in Armour
    14 | D        | Reached XP level 15. HP: 144/144 MP: 18/18
    15 | D        | Killed a meat berserker
    15 | D        | Reached ** piety under Makhleb
    15 | D        | Reached skill level 22 in Fighting
    15 | D        | Reached skill level 21 in Axes
    15 | D        | Reached skill level 21 in Armour
    15 | D        | Reached skill level 21 in Dodging
    15 | D        | Killed a meat berserker
    15 | D        | Reached skill level 24 in Fighting
    15 | D        | Reached skill level 22 in Axes
    15 | D        | Reached skill level 22 in Armour
    15 | D        | Reached skill level 22 in Dodging
    15 | D        | Reached XP level 16. HP: 159/159 MP: 19/19
    15 | D        | Killed a meat berserker
    15 | D        | Reached skill level 25 in Fighting
    15 | D        | Reached skill level 23 in Axes
    15 | D        | Reached skill level 23 in Armour
    15 | D        | Reached skill level 23 in Dodging
    15 | D        | Gained mutation: A meltable icy envelope protects you from harm. (AC +0) [demonic ancestry]
    15 | D        | Reached XP level 17. HP: 170/170 MP: 20/20
    15 | D        | Reached *** piety under Makhleb
    15 | D        | Reached skill level 26 in Fighting
    15 | D        | Reached skill level 24 in Axes
    15 | D        | Reached skill level 24 in Armour
    15 | D        | Reached skill level 24 in Dodging
    16 | D        | Noticed a meat berserker
    16 | D        | Noticed a meat berserker
    16 | D        | Reached skill level 25 in Axes
    16 | D        | Reached skill level 25 in Dodging
    16 | D        | Killed a meat berserker
    16 | D        | Reached skill level 27 in Fighting
    16 | D        | Reached skill level 26 in Axes
    16 | D        | Reached skill level 26 in Armour
    16 | D        | Reached skill level 26 in Dodging
    16 | D        | Gained mutation: You have hooves in place of feet. [demonic ancestry]
    16 | D        | Reached XP level 18. HP: 182/182 MP: 21/21
    17 | D        | Noticed a meat berserker
    17 | D        | Reached **** piety under Makhleb
    17 | D        | Reached skill level 27 in Axes
    17 | D        | Reached skill level 27 in Armour
    17 | D        | Reached skill level 27 in Dodging
    17 | D        | Reached skill level 6 in Throwing
    17 | D        | Reached skill level 6 in Stealth
    17 | D        | Reached skill level 6 in Unarmed Combat
    17 | D        | Reached skill level 6 in Spellcasting
    17 | D        | Reached skill level 8 in Invocations
    17 | D        | Reached skill level 8 in Throwing
    17 | D        | Reached skill level 9 in Stealth
    17 | D        | Reached skill level 8 in Unarmed Combat
    17 | D        | Reached skill level 9 in Spellcasting
    17 | D        | Reached skill level 12 in Invocations
    18 | D        | Reached skill level 10 in Throwing
    18 | D        | Reached skill level 11 in Stealth
    18 | D        | Reached skill level 10 in Unarmed Combat
    18 | D        | Reached skill level 10 in Spellcasting
    18 | D        | Reached skill level 14 in Invocations
    18 | D        | Reached XP level 19. HP: 189/189 MP: 21/33
    18 | D        | Reached ***** piety under Makhleb
    18 | D        | Reached skill level 12 in Throwing
    18 | D        | Reached skill level 13 in Stealth
    18 | D        | Reached skill level 12 in Unarmed Combat
    18 | D        | Reached skill level 12 in Spellcasting
    18 | D        | Reached skill level 16 in Invocations
    18 | D        | Killed a meat berserker
    18 | D        | Reached skill level 14 in Throwing
    18 | D        | Reached skill level 15 in Stealth
    18 | D        | Reached skill level 14 in Unarmed Combat
    18 | D        | Reached skill level 14 in Spellcasting
    18 | D        | Reached skill level 19 in Invocations
    20 | D        | Noticed a large bag of meat
    20 | D        | Noticed a destroyer
    20 | D        | Noticed a meat berserker
    20 | D        | Noticed a meat berserker
    20 | D        | Reached skill level 15 in Throwing
    20 | D        | Reached skill level 16 in Stealth
    20 | D        | Reached skill level 15 in Unarmed Combat
    20 | D        | Reached skill level 15 in Spellcasting
    20 | D        | Reached skill level 20 in Invocations
    20 | D        | Reached skill level 16 in Throwing
    20 | D        | Reached skill level 17 in Stealth
    20 | D        | Reached skill level 16 in Unarmed Combat
    20 | D        | Reached skill level 16 in Spellcasting
    20 | D        | Reached skill level 21 in Invocations
    20 | D        | Reached skill level 17 in Throwing
    20 | D        | Reached skill level 18 in Stealth
    20 | D        | Reached skill level 17 in Unarmed Combat
    20 | D        | Reached skill level 17 in Spellcasting
    20 | D        | Reached skill level 22 in Invocations
    20 | D        | Gained mutation: You are completely covered in sharp spines. [demonic ancestry]
    20 | D        | Reached XP level 20. HP: 197/197 MP: 21/41
    20 | D        | Reached skill level 19 in Stealth
    20 | D        | Reached skill level 18 in Spellcasting
    20 | D        | Reached skill level 23 in Invocations
    20 | D        | Reached skill level 18 in Throwing
    20 | D        | Reached skill level 20 in Stealth
    20 | D        | Reached skill level 18 in Unarmed Combat
    20 | D        | Reached skill level 24 in Invocations
    22 | D        | Noticed a destroyer
    22 | D        | Reached skill level 19 in Throwing
    22 | D        | Reached skill level 19 in Unarmed Combat
    22 | D        | Reached skill level 19 in Spellcasting
    22 | D        | Reached skill level 25 in Invocations
    22 | D        | Reached skill level 20 in Throwing
    22 | D        | Reached skill level 21 in Stealth
    22 | D        | Reached skill level 20 in Unarmed Combat
    22 | D        | Reached skill level 20 in Spellcasting
    22 | D        | Reached skill level 26 in Invocations
    22 | D        | Reached ****** piety under Makhleb
    22 | D        | Reached skill level 22 in Stealth
    22 | D        | Reached skill level 27 in Invocations
    22 | D        | Reached XP level 21. HP: 204/204 MP: 22/45
    22 | D        | Reached skill level 21 in Throwing
    22 | D        | Reached skill level 21 in Unarmed Combat
    22 | D        | Reached skill level 21 in Spellcasting
    22 | D        | Reached skill level 22 in Throwing
    22 | D        | Reached skill level 23 in Stealth
    22 | D        | Reached skill level 22 in Unarmed Combat
    22 | D        | Reached skill level 22 in Spellcasting
    22 | D        | Reached skill level 23 in Throwing
    22 | D        | Reached skill level 24 in Stealth
    22 | D        | Reached skill level 23 in Unarmed Combat
    22 | D        | Reached skill level 23 in Spellcasting
    22 | D        | Killed a destroyer
    22 | D        | Reached skill level 24 in Throwing
    22 | D        | Reached skill level 26 in Stealth
    22 | D        | Reached skill level 24 in Unarmed Combat
    22 | D        | Reached skill level 24 in Spellcasting
    22 | D        | Gained mutation: You are robust. (+10% HP) [demonic ancestry]
    22 | D        | Reached XP level 22. HP: 204/233 MP: 22/50
    22 | D        | Reached skill level 25 in Throwing
    22 | D        | Reached skill level 27 in Stealth
    22 | D        | Reached skill level 25 in Unarmed Combat
    22 | D        | Reached skill level 25 in Spellcasting
    23 | D        | Reached skill level 26 in Throwing
    23 | D        | Reached skill level 26 in Unarmed Combat
    23 | D        | Reached skill level 26 in Spellcasting
    23 | D        | Killed a large bag of meat
    23 | D        | Reached skill level 27 in Throwing
    23 | D        | Reached skill level 27 in Unarmed Combat
    23 | D        | Reached skill level 27 in Spellcasting
    23 | D        | Reached XP level 23. HP: 240/240 MP: 22/54
    24 | D        | Noticed a destroyer
    25 | D        | Noticed a large bag of meat
    26 | D        | Noticed a large bag of meat
    28 | D        | Gained mutation: You are very robust. (+20% HP) [demonic ancestry]
    28 | D        | Reached XP level 24. HP: 131/272 MP: 23/54
    28 | D        | Killed a large bag of meat
    29 | D        | Killed a destroyer
    29 | D        | Killed a large bag of meat
    29 | D        | Gained mutation: You are extremely robust. (+30% HP) [demonic ancestry]
    29 | D        | Reached XP level 25. HP: 272/304 MP: 24/54
    30 | D        | Noticed a destroyer
    36 | D        | Killed a large bag of meat
    39 | D        | Noticed a destroyer
    43 | D        | Killed a destroyer
    43 | D        | Reached XP level 26. HP: 314/314 MP: 28/54
    44 | D        | Noticed a destroyer
    46 | D        | Noticed a tyrant
    47 | D        | Noticed a destroyer
    49 | D        | Killed a tyrant
    49 | D        | Killed a destroyer
    49 | D        | Reached XP level 27. HP: 323/323 MP: 30/54
    52 | D        | Noticed a destroyer
    52 | D        | Noticed a destroyer
    52 | D        | Noticed an accursed
    53 | D        | Noticed a destroyer
    55 | D        | Noticed a destroyer
    56 | D        | Noticed an accursed
    56 | D        | Noticed a destroyer
    57 | D        | Noticed a destroyer
    57 | D        | Killed an accursed
    57 | D        | Killed a destroyer
    58 | D        | Noticed The Servant
    60 | D        | Killed a destroyer
    61 | D        | Noticed a large bag of meat
    61 | D        | Noticed an accursed
    61 | D        | Noticed a destroyer
    62 | D        | Killed a destroyer
    63 | D        | Noticed an accursed
    63 | D        | Noticed an accursed
    63 | D        | Killed a destroyer
    64 | D        | Killed a large bag of meat
    65 | D        | Killed a destroyer
    65 | D        | Killed a destroyer
    66 | D        | Killed an accursed
    66 | D        | Killed a destroyer
    67 | D        | Noticed a destroyer
    67 | D        | Killed a destroyer
    68 | D        | Noticed a tyrant
    68 | D        | Killed an accursed
    70 | D        | Killed a destroyer
    70 | D        | Killed The Servant
    71 | D        | Killed a destroyer
    73 | D        | Noticed a destroyer
    73 | D        | Killed a large bag of meat
    75 | D        | Noticed a destroyer
    75 | D        | Noticed a destroyer
    75 | D        | HP: 17/323 [destroyer/+9 great sword of slicing (220)]
    75 | D        | HP: 1/323 [accursed/divine providence (12)]
    75 | D        | Killed from afar by an accursed

Vault maps used:
D:        meatsprint

Skill      XL: |  1  2  3  4  5  6  7  8  9 10 11 12 13 14 15 16 17 18 19 20 21 22 |
---------------+-------------------------------------------------------------------+-----
Fighting       | 14 18 20 21 24 25 27 | 27.0
Axes           | 13 16 19 22 23 26 27 | 27.0
Armour         | 13 16 18 19 22 23 26 27 | 27.0
Dodging        | 13 16 19 22 23 26 27 | 27.0
Throwing       | 10 17 20 24 27 | 27.0
Stealth        | 11 18 22 26 27 | 27.0
Unarmed Combat | 10 17 20 24 27 | 27.0
Spellcasting   | 10 17 20 24 27 | 27.0
Invocations    | 14 22 27 | 27.0
Translocations | |  2.6

Action                   |  1- 3 |  4- 6 |  7- 9 | 10-12 | 13-15 | 16-18 | 19-21 | 22-24 | 25-27 || total
-------------------------+-------+-------+-------+-------+-------+-------+-------+-------+-------++-------
Melee: Executioner's axe |     1 |       |       |     1 |     2 |     3 |     2 |     4 |    22 ||    35
Dodge: Dodged            |       |       |       |     1 |     1 |       |       |     2 |     7 ||    11

Vault maps used:
D:        meatsprint

Table legend:
 A = Turns spent in this place as a percentage of turns spent in the entire game.
 B = Non-inter-level travel turns spent in this place as a percentage of non-inter-level travel turns spent in the entire game.
 C = Inter-level travel turns spent in this place as a percentage of turns spent in this place.
 D = Turns resting spent in this place as a percentage of non-inter-level travel turns spent in this place.
 E = Turns spent auto-exploring this place as a percentage of non-inter-level travel turns spent in this place.
 F = Non-inter-level travel turns spent in this place divided by the number of levels of this place that you've seen.
                   A       B       C       D       E      F
               +-------+-------+-------+-------+-------+----------------------
         Total | 100.0 | 100.0 |   0.0 |   0.0 |   0.0 | 192.0
       Dungeon | 100.0 | 100.0 |   0.0 |   0.0 |   0.0 | 192.0
               +-------+-------+-------+-------+-------+----------------------

Table legend:
 A = Kills in this place as a percentage of kills in entire the game.
 B = Kills by you in this place as a percentage of kills by you in the entire game.
 C = Kills by friends in this place as a percentage of kills by friends in the entire game.
 D = Other kills in this place as a percentage of other kills in the entire game.
 E = Experience gained in this place as a percentage of experience gained in the entire game.
 F = Experience gained in this place divided by the number of levels of this place that you have seen.
                   A       B       C       D       E      F
               +-------+-------+-------+-------+-------+----------------------
         Total | 100.0 | 100.0 |  -nan |  -nan | 100.0 | 3453226.0
       Dungeon | 100.0 | 100.0 |  -nan |  -nan | 100.0 | 3453226.0
               +-------+-------+-------+-------+-------+----------------------
